 Dungeon Crawl Stone Soup version 0.17-a0-1978-gc390f2e (webtiles) character file.

25 dpvblackbelt the Conjurer (level 2, 20/20 HPs)
             Began as a Draconian Conjurer on Oct 5, 2015.
             Was a Follower of Trog.
             Got out of the dungeon alive.
             The game lasted 00:02:48 (1124 turns).

dpvblackbelt the Conjurer (Draconian Conjurer)      Turns: 1124, Time: 00:02:48

Health: 20/20      AC:  4    Str: 10    XL:     2   Next: 86%
Magic:  5/5        EV: 12    Int: 15    God:    Trog [*.....]
Gold:   32         SH:  0    Dex: 11    Spells: 1 memorised, 4 levels left

rFire  . . .     SeeInvis .     d - +0 dagger
rCold  . . .     Clarity  .     (armour unavailable)
rNeg   + . .     SustAt   .     (no shield)
rPois  .         Gourm    .     (helmet restricted)
rElec  .         Spirit   .     (no cloak)
rCorr  .         Warding  .     (no gloves)
rMut   .         Stasis   .     (no boots)
MR     .....                    (no amulet)
Stlth  ++........               h - ring of positive energy {rN+}
                                f - +2 ring of slaying

@: not resistant to hostile enchantments, unstealthy
A: unfitting armour, cold-blooded, AC +4
a: Burn Spellbooks, Berserk, Renounce Religion


You escaped.
You worshipped Trog.
Trog was aware of your devotion.
You were hungry.

You visited 1 branch of the dungeon, and saw 2 of its levels.

You collected 32 gold pieces.

Inventory:

Hand Weapons
 d - a +0 dagger (weapon)
   (You took it off a kobold on level 1 of the Dungeon)
Armour
 i - a +0 pair of gloves
   (You found it on level 2 of the Dungeon)
Jewellery
 f - a +2 ring of slaying (left hand)
   (You found it on level 1 of the Dungeon)
 h - a ring of positive energy (right hand) {rN+}
   (You found it on level 1 of the Dungeon)
Scrolls
 c - 3 scrolls of identify {unknown}
 e - 2 scrolls of noise {unknown}
 k - a scroll of enchant weapon {unknown}
Potions
 j - a potion of heal wounds {unknown}
Books
 a - a book of Conjurations
Comestibles
 b - 5 bread rations {@e1@e1}
 g - a meat ration {@e2@e2}


   Skills:
 - Level 1.7 Dodging
 - Level 1.7 Stealth
 - Level 2.0 Spellcasting
 - Level 4.9 Conjurations


You had 4 spell levels left.
You knew the following spells:

 Your Spells              Type           Power        Failure   Level  Hunger
a - Magic Dart            Conj           ###.         3%          1    #......


Dungeon Overview and Level Annotations

Branches:
Dungeon (2/15)

Altars:
Trog


Innate Abilities, Weirdness & Mutations

Your plain brown scales are hard (AC +4).
Your body does not fit into most forms of armour.
You are cold-blooded and may be slowed by cold attacks.


Message History

No target in view!
(D) Dungeon
Where to? (? - help)
There is a stone staircase leading down here.
You climb downwards.
A goblin comes into view. It is wielding a club.
There is a stone staircase leading up here.
The helpless goblin fails to defend itself.
You puncture the goblin!
You kill the goblin!
No target in view!
No target in view!
You see here a club.
i - a pair of gloves No target in view!
You see here a club.
Found a stone staircase leading up.
No target in view!
A rat comes into view.
You hit the rat. You closely miss the rat. The rat misses you.
A rat is nearby!
You hit the rat.
You kill the rat!
A worm comes into view.
You see here a fizzy inky potion.
A worm is nearby!
The worm bites you!
You take 7 damage, and have 13/20 hp.
MASSIVE DAMAGE!!
You see here a fizzy inky potion.
Aim: a worm The magic dart hits the worm.
You now have 4/5 mp.
Aim: a worm The magic dart hits the worm.
You now have 3/5 mp.
Aim: a worm (lightly wounded)
The magic dart hits the worm.
You now have 2/5 mp.
Aim: a worm (moderately wounded)
The magic dart hits the worm.
You now have 2/5 mp.
Aim: a worm (heavily wounded)
The magic dart hits the worm.
You now have 1/5 mp.
Aim: a worm (heavily wounded)
The magic dart hits the worm.
You now have 0/5 mp.
You don't have enough magic to cast that spell.
You hit the worm. You tail-slap the worm.
You kill the worm!
You start resting.
Health restored: 20; MP restored: 5 You see here a worm corpse.
j - a fizzy inky potion No target in view!
k - a scroll labeled PARCHIT LIMN No target in view!
You are feeling hungry.
No target in view!
No target in view!
Found a faded altar to an unknown god.
No target in view!
A goblin comes into view. It is wielding a club.
The goblin shouts!
A goblin is nearby!
No target in view!
Found a stone staircase leading down.
You miss the goblin. The goblin hits you but does no damage.
You hit the goblin.
You kill the goblin!
No target in view!
A hobgoblin comes into view. It is wielding a club.
The helpless hobgoblin fails to defend itself.
You hit the hobgoblin. The hobgoblin barely misses you.
You barely miss the hobgoblin. You hit the hobgoblin.
You kill the hobgoblin!
No target in view!
No target in view!
No target in view!
Unknown command.
No target in view!
You see here a club.
b - 5 bread rations {@e1@e1} (gained 1)
There is a faded altar to an unknown god here.
This altar will convert you to a god.
You cannot discern which.
Do you pray?
Okay, then.
This altar will convert you to a god.
You cannot discern which.
Do you pray? Trog accepts your prayer! Trog welcomes you!
You can now call upon Trog to burn spellbooks in your surroundings.
You can now go berserk at will.
There is a stone staircase leading up here.
You climb upwards.
There is a stone staircase leading down here.
There is a staircase leading out of the dungeon here.
Are you sure you want to leave the Dungeon?
This will make you lose the game!
You have escaped!

#>.....≈≈≈≈..[....
#.......≈≈(.......
#.......≈≈≈.......
#.......≈≈≈≈(.....
#.......≈≈≈≈......
#.......≈≈≈≈......
#........≈≈≈......
#........≈≈≈......
#@.......≈≈≈≈.....
##########≈≈≈#####
#≈≈≈≈# # ##≈≈≈≈# #
###≈≈≈## ##### # #
#


There were no monsters in sight!

Vanquished Creatures
  An ooze (D:1)
  A worm (D:2)
  2 goblins (D:2)
  3 hobgoblins
  4 kobolds (D:1)
  3 bats (D:1)
  A giant newt (D:1)
  5 rats
20 creatures vanquished.

Notes
Turn   | Place    | Note
--------------------------------------------------------------
     0 | D:1      | dpvblackbelt the Draconian Conjurer began the quest for the Orb.
     0 | D:1      | Reached XP level 1. HP: 14/14 MP: 3/3
   474 | D:1      | Reached XP level 2. HP: 20/20 MP: 5/5
  1059 | D:2      | Found a faded altar to an unknown god.
  1096 | D:2      | Became a worshipper of Trog the Wrathful
  1096 | D:2      | Acquired Trog's first power
  1124 | D:$      | Got out of the dungeon alive.

Vault maps used:
D:1:      lemuel_arrival_river_ford
D:2:      ecumenical_altar_1, minmay_misc_feat_square

Action                   || total
-------------------------++-------
Melee: Dagger            ||    44
       Unarmed           ||     1
 Cast: Magic Dart        ||     9
 Stab: Sleeping          ||     5

Vault maps used:
D:1:      lemuel_arrival_river_ford
D:2:      ecumenical_altar_1, minmay_misc_feat_square

Table legend:
 A = Turns spent in this place as a percentage of turns spent in the entire game.
 B = Non-inter-level travel turns spent in this place as a percentage of non-inter-level travel turns spent in the entire game.
 C = Inter-level travel turns spent in this place as a percentage of turns spent in this place.
 D = Turns resting spent in this place as a percentage of non-inter-level travel turns spent in this place.
 E = Turns spent auto-exploring this place as a percentage of non-inter-level travel turns spent in this place.
 F = Non-inter-level travel turns spent in this place divided by the number of levels of this place that you've seen.
                   A       B       C       D       E      F
               +-------+-------+-------+-------+-------+----------------------
         Total | 100.0 | 100.0 |   0.3 |   1.3 |  11.5 | 156.0
       Dungeon | 100.0 | 100.0 |   0.3 |   1.3 |  11.5 | 156.0
               +-------+-------+-------+-------+-------+----------------------

Table legend:
 A = Kills in this place as a percentage of kills in entire the game.
 B = Kills by you in this place as a percentage of kills by you in the entire game.
 C = Kills by friends in this place as a percentage of kills by friends in the entire game.
 D = Other kills in this place as a percentage of other kills in the entire game.
 E = Experience gained in this place as a percentage of experience gained in the entire game.
 F = Experience gained in this place divided by the number of levels of this place that you have seen.
                   A       B       C       D       E      F
               +-------+-------+-------+-------+-------+----------------------
         Total | 100.0 | 100.0 |  -nan |  -nan | 100.0 |  18.5
       Dungeon | 100.0 | 100.0 |  -nan |  -nan | 100.0 |  18.5
               +-------+-------+-------+-------+-------+----------------------
